 Dungeon Crawl Stone Soup version 0.30.1-11-g7821555f0a (webtiles) character file.

Game seed: 11619201071600322187

835 KittyFluff the Covered (level 7, -2/66 HPs)
             Began as a Gargoyle Berserker on Oct 30, 2023.
             Was a Priest of Trog.
             Killed from afar by an orc wizard (5 damage)
             ... with a magic dart
             ... on level 6 of the Dungeon.
             The game lasted 00:17:31 (4709 turns).

KittyFluff the Covered (Gargoyle Berserker)         Turns: 4709, Time: 00:17:31

Health: -2/66      AC:  9    Str: 22    XL:     7   Next: 98%
Magic:  7/7        EV: 12    Int:  8    God:    Trog [***...]
Gold:   206        SH:  0    Dex:  9    Spells: 6/6 levels left

rFire   . . .        a - +0 mace
rCold   + . .        (no shield)
rNeg    + + .        r - +1 leather armour of the Sea {rC+ rN+}
rPois   ∞            (no helmet)
rElec   +            (no cloak)
rCorr   .            (no gloves)
SInv    .            (no boots)
Will    .....        B - amulet of reflection Stlth
                     (no ring)
HPRegen 0.31/turn    (no ring)
MPRegen 0.10/turn

%: reflection
@: confused, berserking (expiring), very quick
A: sickness immunity, AC +4, negative energy resistance 1, electricity
resistance, torment resistance 1, petrification resistance
a: Renounce Religion, Berserk, Trog's Hand


You were on level 6 of the Dungeon.
You worshipped Trog.
Trog was most pleased with you.
You visited 1 branch of the dungeon, and saw 6 of its levels.

You collected 206 gold pieces.

Inventory:

Hand Weapons
 a - a +0 mace (weapon)
 j - a +0 sling
Missiles
 e - 13 poisoned darts (quivered)
 o - 7 atropa-tipped darts
Armour
 r - the +1 leather armour of the Sea (worn) {rC+ rN+}
   (You found it on level 2 of the Dungeon)

   rC:        It protects you from cold.
   rN:        It protects you from negative energy.
Jewellery
 B - an amulet of reflection (around neck)
Wands
 l - a wand of flame (16)
 z - a wand of roots (5)
 E - a wand of paralysis (7)
Scrolls
 d - a scroll of teleportation {unknown}
 f - a scroll of acquirement {unknown}
 g - 3 scrolls of noise {unknown}
 h - 2 scrolls of fog {unknown}
 i - a scroll of blinking {unknown}
 q - a scroll of identify
 s - 3 scrolls of enchant armour {unknown}
 u - a scroll of immolation {unknown}
 x - a scroll of fear {unknown}
 y - 3 scrolls of amnesia {unknown}
 D - a scroll of magic mapping {unknown}
Potions
 b - a potion of ambrosia
 c - a potion of invisibility
 k - a potion of attraction
 m - 4 potions of lignification
 n - 2 potions of berserk rage
 p - a potion of haste
 t - a potion of mutation
 v - 3 potions of curing
 w - 2 potions of heal wounds {unknown}
 A - a potion of magic {unknown}
 C - a potion of might {unknown}


   Skills:
 + Level 5.0 Fighting
 * Level 5.8 Maces & Flails
 * Level 6.0 Armour
 + Level 3.1 Dodging


You had 6 spell levels left.
You didn't know any spells.
Your spell library was empty.

Dungeon Overview and Level Annotations

Branches:
Dungeon (6/15)             Temple (0/1) D:4

Altars:
Ashenzari
Cheibriados
Kikubaaqudgha
Ru
Uskayaw
Yredelemnul


Innate Abilities, Weirdness & Mutations

You are immune to sickness and miasma.
Your stone body is resilient. (AC +4)
You are immune to poison.
You resist negative energy. (rN+)
You are resistant to electric shocks. (rElec)
You are resistant to unholy torment.
You are immune to petrification.


Message History

* * * LOW HITPOINT WARNING * * *
You sock the orc priest!
The orc priest is heavily wounded.
The orc barely misses you. The orc priest barely misses you.
You block the orc's attack. The orc hits you but does no damage.
Something hits you but does no damage.
You barely miss the orc priest.
The orc priest is heavily wounded.
You bludgeon the orc priest!!
You kill the orc priest!
Trog accepts your kill. The orc hits you but does no damage.
The orc misses you. The orc closely misses you. Something hits you.
* * * LOW HITPOINT WARNING * * *
Your Armour skill increases to level 6!
You barely miss the orc.
The orc hits you from afar with a +0 trident.
* * * LOW HITPOINT WARNING * * *
The orc hits you but does no damage. The orc barely misses you.
You hear some strange, mumbled words.
You are confused.
You closely miss the orc.
You hear the rapid rusting of a very distant drain.
The orc hits you but does no damage. x2; The orc misses you.
You hear some strange, mumbled words.
Something tries to affect you, but you resist.
You closely miss the orc. You bludgeon the orc!!
You kill the orc!
Trog accepts your kill.
The orc closely misses you. x2; Something completely misses you.
You miss something. The orc barely misses you.
The orc hits you with a +0 hand axe.
* * * LOW HITPOINT WARNING * * *
Something hits you but does no damage.
You miss the orc. The orc closely misses you.
You hear some strange, mumbled words.
A magic dart appears from out of thin air!
The magic dart hits you.
You die...

##.. ...
##..## .....#
#...# #)..##
# # #.o..#..#
#..##))......
#..{@o......
#.....#.....
#...####...$.
###. ...# ..
... .. ...
#.. ..


You could see 2 orcs.

Vanquished Creatures
  An ice beast (D:5)
  A black bear (D:4)
  An ogre (D:6)
  A centaur (D:5)
  3 hounds
  A jelly (D:3)
  3 orc priests
  2 orc wizards
  3 iguanas
  4 adders
  An ufetubus (D:5)
  3 worms
  2 dart slugs
  12 orcs
  6 bats
  6 endoplasms
  A giant cockroach (D:1)
  3 hobgoblins
  17 jackals
  4 quokkas
  A ball python (D:1)
  A frilled lizard (D:2)
  11 goblins
  3 kobolds
  2 rats
93 creatures vanquished.

Notes
Turn   | Place    | Note
-------+----------+-------------------------------------------
     0 | D:1      | KittyFluff the Gargoyle Berserker began the quest for the
                  | Orb.
     0 | D:1      | Reached XP level 1. HP: 14/14 MP: 1/1
    68 | D:1      | Reached XP level 2. HP: 18/19 MP: 2/2
   326 | D:1      | Reached XP level 3. HP: 18/23 MP: 3/3
   398 | D:1      | Reached ** piety under Trog
   484 | D:2      | Reached skill level 3 in Armour
   707 | D:2      | Reached XP level 4. HP: 29/29 MP: 4/4
   803 | D:2      | Found a sacrificial altar of Ru.
   965 | D:2      | Identified the +1 leather armour of the Sea {rC+ rN+}
  1443 | D:3      | Found a faded altar of an unknown god.
  1528 | D:3      | Reached XP level 5. HP: 25/33 MP: 5/5
  1583 | D:3      | Found a faded altar of an unknown god.
  1588 | D:3      | Found a snail-covered altar of Cheibriados.
  1818 | D:3      | Found a basalt altar of Yredelemnul.
  2172 | D:4      | Reached skill level 4 in Armour
  2192 | D:4      | Reached *** piety under Trog
  2323 | D:4      | Found a broken altar of Ashenzari.
  2371 | D:4      | Found a hide-covered altar of Uskayaw.
  2379 | D:4      | Identified the +8 hand axe of Wyrd {flame, rPois Int+3
                  | Dex+2}
  2522 | D:4      | Reached XP level 6. HP: 10/38 MP: 6/6
  2641 | D:4      | Found a staircase to the Ecumenical Temple.
  2754 | D:4      | Noticed a black bear
  2776 | D:4      | Killed a black bear
  3083 | D:4      | Found an ancient bone altar of Kikubaaqudgha.
  3116 | D:5      | Entered Level 5 of the Dungeon
  3336 | D:5      | Found a sacrificial altar of Ru.
  3977 | D:5      | Reached skill level 5 in Armour
  4125 | D:6      | Reached skill level 5 in Maces & Flails
  4125 | D:6      | Reached XP level 7. HP: 26/44 MP: 7/7
  4690 | D:6      | Reached skill level 5 in Fighting
  4704 | D:6      | Reached skill level 6 in Armour
  4704 | D:6      | HP: 3/66 [orc/+0 trident (5)]
  4709 | D:6      | Killed from afar by an orc wizard

Illustrated notes

Levels and vault maps discovered:
D:1:      wander_arrival_desolate, layout_rooms, minmay_3d_cube
D:2:      layout_loops_ring, basic_altar, minmay_split_cup_small
D:3:      layout_basic, nicolae_overflow_ecumenical_swirl, lemuel_doored_altar,
          ebering_ecumenical_altar_rust
D:4:      layout_basic, evilmike_ruin_ashenzari, eat_drink_and_be_merry_uskayaw,
          lemuel_coloured_pillars_altar, minmay_temple_entry_arrows
D:5:      layout_layer_cave, nicolae_ru_sacrificial_ziggurat
D:6:      layout_cave_pools, cheibrodos_sewer_entry_bend, sigmund_army

Skill      XL: |  1  2  3  4  5  6  7 |
---------------+----------------------+-----
Armour         | 3 4 5 6 |  6.0
Dodging        | 2 3 |  3.1
Maces & Flails | 4 5 |  5.8
Fighting       | 4 5 |  5.0

Action                     |  1- 3 |  4- 6 |  7- 9 || total
---------------------------+-------+-------+-------++-------
  Melee: Mace              |   130 |   218 |    76 ||   424
         Punch             |       |     2 |     1 ||     3
 Invoke: Berserk           |       |     1 |     3 ||     4
    Use: Scroll            |       |     9 |       ||     9
   Stab: Sleeping          |     1 |       |       ||     1
 Armour: Animal skin       |    65 |       |       ||    65
         Leather armour    |       |    97 |    59 ||   156
  Dodge: Dodged            |   107 |   131 |    72 ||   310
  Block: Other             |       |    20 |    20 ||    40
